[Event "15th Arad Open 2022"]
[Site "Arad"]
[Date "2022.08.09"]
[Round "3.12"]
[White "Oltean, Cristian-Daniel"]
[Black "Balaban-Voia, Alexandru"]
[Result "0-1"]
[ECO "B09"]
[WhiteElo "2158"]
[BlackElo "1869"]
[Annotator "TA"]
[PlyCount "115"]
[EventDate "2022.08.08"]
[EventType "swiss"]
[EventCountry "ROU"]
[SourceTitle "playchess.com"]
[Source "ChessBase"]
[SourceQuality "1"]
[TimeControl "5400+30"]

1. e4 g6 2. d4 Bg7 3. Nc3 d6 4. f4 Nf6 5. Nf3 c5 6. dxc5 Qa5 {[%emt 0:00:25] ...Nxe4 is the strong threat.} 7. Qd4 {[%emt 0:00:41] B09: Pirc Defence: Austrian Attack.} (7. cxd6 Nxe4 8. dxe7 (8. Bb5+ Nd7 $15) 8... Nc6 $11) 7... O-O 8. Bd2 Nc6 9. Qc4 {[%emt 0:08:48] White has an edge.} Be6 10. Qb5 Qxb5 11. Bxb5 Nb4 {[%emt 0:02:10] [#]} 12. Ba4 $146 ({Predecessor:} 12. Nd4 dxc5 13. Nxe6 fxe6 14. O-O-O Ng4 15. Rde1 e5 16. h3 Nh6 17. a3 Nc6 18. Nd5 {1-0 (42) Longson,A (2317)-Thorarinsson,P (2273) Antalya 2017}) 12... dxc5 13. a3 Na6 14. Bb5 Nc7 15. Be2 h6 16. h3 Nh5 17. Kf2 {[%emt 0:05:19] Against Ng3} Bxc3 18. bxc3 Nf6 19. Ke3 b5 (19... Nfe8 $14) 20. Ne5 Rfd8 21. Rhd1 Rd6 22. g4 Rad8 23. Be1 Nd7 $1 24. Rxd6 exd6 25. Nc6 Re8 26. Kd2 a6 27. f5 (27. Bh4 $5 ) 27... Bc4 28. Bxc4 bxc4 29. Bg3 (29. fxg6 $11 fxg6 30. Rb1 (30. Bg3 $2 Nf6 $17)) 29... Nf6 $17 30. e5 Ne4+ 31. Ke3 (31. Kc1 $17 dxe5 32. Bxe5) 31... Nxg3 $19 {[%emt 0:01:25] Pair of Knights!} 32. Kf3 {[%emt 0:00:03] [#]} Nxf5 33. gxf5 dxe5 {[%emt 0:00:13][%mdl 4096] Endgame Strongly threatening ...e4+. KRN-KRN} 34. Re1 f6 $1 (34... gxf5 35. Rxe5 Rxe5 36. Nxe5 $17) 35. Rg1 g5 {[%emt 0:00:06] And now ...e4+ would win.} 36. Rd1 Nb5 (36... e4+ $142 $1 37. Ke3 Nb5) 37. Rd7 e4+ (37... Nxa3 $6 38. Ne7+ Kh8 39. Ng6+ Kg8 40. Ne7+ Kh8 41. Ng6+ Kg8 42. Ne7+ $11) 38. Ke3 (38. Kg4 $17 {is a better defense.} Kf8 39. Rh7) 38... Kf8 $1 ({Stronger than} 38... Nxa3 39. Ne7+ Kh8 40. Ng6+ Kg8 41. Ne7+ Kh8 42. Ng6+ Kg8 43. Ne7+ $11) ({Inferior is} 38... Nxc3 39. Kd2 Nb1+ 40. Kc1 $17) 39. Nd8 {[%emt 0:00:55] [#]} (39. a4 $142 Nxc3 40. Rd6) 39... Re7 $2 ({Not} 39... Nxc3 40. Ne6+ Kg8 41. Rg7+ Kh8 42. Rg6 $17) (39... Re5 $1 $19 {Threatens to win with ...Ke8.} 40. Ne6+ Ke8) 40. Ne6+ $11 Kf7 $1 41. Nxc5 {[%emt 0:00:00][%mdl 8192] Black keeps a firm grip on the game.} (41. Rd8 $11 Rxe6 42. fxe6+ Kxe6 43. Kxe4) 41... Nxa3 42. Rxe7+ $2 (42. Rd5 Nxc2+ 43. Ke2) 42... Kxe7 $19 43. Kxe4 $11 {[%emt 0:00:00] KN-KN} Kd6 44. Nxa6 Nxc2 45. Nb8 (45. Kf3 $142) 45... h5 $19 46. Na6 Kc6 47. Nb8+ Kc7 48. Na6+ Kd6 49. Nb8 {[%emt 0:00:08] [#]} Nb4 $1 {[%emt 0:04:37][%mdl 512] ( -> ...Na2)} 50. cxb4 {[%emt 0:01:16] [#] KN-KP} (50. Kf3 Na2) 50... c3 $1 {[%emt 0:00:10] Black mates.} 51. Kd3 g4 52. hxg4 hxg4 {[%emt 0:00:20][%cal Bh5g4,Bg4g3,Bg3g2][%mdl 32] KN-K3P} 53. Na6 g3 54. b5 g2 55. b6 Kc6 56. b7 Kxb7 57. Nc5+ Kc8 58. Kd4 {[%emt 0:02:18] Weighted Error Value: White=0.54/Black=0.17 (very precise)} 0-1

[Event "15th Arad Open 2022"]
[Site "Arad"]
[Date "2022.08.09"]
[Round "3.13"]
[White "Pauwels, Xander"]
[Black "Donici-Maier, David"]
[Result "1-0"]
[ECO "E62"]
[WhiteElo "2040"]
[BlackElo "1786"]
[Annotator "NA RC"]
[PlyCount "65"]
[EventDate "2022.08.08"]
[EventType "swiss"]
[EventCountry "ROU"]
[SourceTitle "playchess.com"]
[Source "ChessBase"]
[SourceQuality "1"]
[TimeControl "5400+30"]

1. d4 Nf6 2. c4 g6 3. g3 Bg7 4. Bg2 O-O 5. Nc3 d6 6. Nf3 c6 7. e4 Qa5 8. O-O Qh5 9. Re1 Na6 10. Rb1 Bh3 11. e5 Bxg2 12. Kxg2 Nd7 13. h3 f5 14. exd6 exd6 15. Bf4 Rf6 16. Qb3 Raf8 17. c5+ d5 18. Qxb7 Ndxc5 19. dxc5 Nxc5 20. Qxa7 Nd3 21. Re7 Nxf4+ 22. gxf4 Bh8 23. Ng5 h6 24. Nh7 g5 25. Nxf8 Rxf8 26. Qe3 Bf6 $18 27. Qe6+ Kh8 28. Re1 gxf4 29. Re8 f3+ 30. Kh2 Bg7 31. Qe7 Rxe8 32. Qxe8+ Qxe8 33. Rxe8+ 1-0

[Event "15th Arad Open 2022"]
[Site "Arad"]
[Date "2022.08.09"]
[Round "3.14"]
[White "Chima, Radu-Niculin"]
[Black "Moerman, Thomas"]
[Result "0-1"]
[ECO "C05"]
[WhiteElo "2005"]
[BlackElo "2026"]
[Annotator "NA RC"]
[PlyCount "58"]
[EventDate "2022.08.08"]
[EventType "swiss"]
[EventCountry "ROU"]
[SourceTitle "playchess.com"]
[Source "ChessBase"]
[SourceQuality "1"]
[TimeControl "5400+30"]

1. e4 e6 2. d4 d5 3. Nd2 c5 4. Ngf3 cxd4 5. Nxd4 Nf6 6. e5 Nfd7 7. f4 Nc6 8. N2f3 Be7 9. Be3 O-O 10. Qd2 Nc5 11. c3 Bd7 12. O-O-O Rc8 13. Kb1 Ne4 14. Qe1 Na5 15. Bd3 Ba4 16. Rc1 Nc5 17. Bc2 Bxc2+ 18. Rxc2 Nc4 19. f5 Qb6 20. Ka1 f6 21. exf6 Bxf6 22. fxe6 Nxe6 23. Nxe6 Qxe6 24. Bxa7 Qf5 25. Re2 b6 26. Re6 Ra8 27. Bxb6 $2 (27. Rf1 $19 Rxa7 28. Re8) 27... Rxa2+ 28. Kxa2 Qc2 29. Qf2 Ra8+ 0-1

[Event "15th Arad Open 2022"]
[Site "Arad"]
[Date "2022.08.09"]
[Round "3.15"]
[White "Paraschiv, Paul-Alexandru"]
[Black "Kiraly, Lilla Virag"]
[Result "1-0"]
[ECO "D00"]
[WhiteElo "2181"]
[BlackElo "1787"]
[Annotator "TA"]
[PlyCount "89"]
[EventDate "2022.08.08"]
[EventType "swiss"]
[EventCountry "ROU"]
[SourceTitle "playchess.com"]
[Source "ChessBase"]
[SourceQuality "1"]
[TimeControl "5400+30"]

1. d4 Nf6 2. Bg5 d5 3. Bxf6 gxf6 4. e3 c6 5. c4 Be6 6. cxd5 {[%emt 0:01:27] D00: 1 d4 d5: Unusual lines.} Bxd5 7. Nc3 {[%emt 0:00:22] [#]} Qb6 $146 ({Predecessor:} 7... f5 8. Qc2 Be4 9. Nxe4 fxe4 10. O-O-O Qa5 11. Kb1 Nd7 12. Qxe4 e6 13. Nf3 Bd6 {1-0 (48) Graef,S (2025)-Krug,S (1823) Bayern 1996}) 8. Qc2 {[%emt 0:01:08] White is slightly better.} Na6 9. O-O-O Nb4 10. Qa4 {[%emt 0:00:17] [#]} (10. Nxd5 $14 {stays ahead.} cxd5 11. Qb3) 10... O-O-O (10... Nxa2+ $1 $17 11. Nxa2 Bb3) 11. Kb1 Be6 12. Nge2 {[%emt 0:02:21] [#]} ({White should play} 12. Rc1 $1 $15) 12... Nd5 (12... Nxa2 $1 $17 {Threatens to win with ...Bb3.} 13. d5 (13. Nxa2 $2 Bb3 $19) 13... Nxc3+ 14. Nxc3 cxd5) 13. Nxd5 Bxd5 14. Nc3 Bg7 (14... Be6 $11 {keeps the balance.}) 15. Bd3 Be6 16. Rc1 Kb8 17. Qa3 Rhe8 18. Na4 Qc7 19. Nc5 Bc8 {[%emt 0:03:25] White now steadily converts the win.} (19... Ka8 $14) 20. Qb3 $18 ({Don't do} 20. Bxh7 $6 f5 $11) 20... Qb6 {[%emt 0:02:17] Inhibits Na6+.} (20... Qd6 $16) 21. Qxf7 Bh8 22. Rc3 ({Don't take} 22. Bxh7 $6 e5 $14) 22... Ka8 (22... Qc7 {keeps fighting.} 23. Qb3 (23. Bxh7 e5 $16) 23... Ka8) 23. Qxh7 Qc7 24. Rhc1 {[%emt 0:00:35] And now Rb3 would win.} Qd6 (24... Rg8 $142 25. g3 Rg7) 25. Rb3 Rg8 26. Bf5 b6 27. Bxc8 Rxc8 28. Ne4 Qe6 29. Ng3 Rg7 30. Qd3 {[%emt 0:00:07][%cal Ob3b6] Rxb6! is the strong threat.} Qd7 31. Qa6 Qb7 {[%emt 0:00:31] [#]} (31... Rb8 {was necessary.} 32. Qa4 b5) 32. Qd3 $2 (32. Rxb6 $3 $18 Qxa6 33. Rxa6) 32... e5 $2 (32... Qd7 $1 $11 33. d5 c5) 33. Rbc3 Rd7 34. Nf5 exd4 35. exd4 Rd5 36. Ne3 Rdd8 37. Qe4 Re8 $2 {[%emt 0:00:40] [#]} (37... f5 38. Nxf5 c5 39. Qxb7+ Kxb7) 38. Rxc6 $1 Rcd8 (38... Rxe4 39. Rxc8+) 39. Qf3 {[%emt 0:00:24] Strongly threatening Nc4.} Qh7+ 40. Ka1 Qe4 {[%emt 0:00:00] [#]} 41. Rc8+ $3 Kb7 (41... Rxc8 42. Rxc8+) 42. R1c7+ {[%emt 0:00:00] White mates.} Ka6 43. Qe2+ b5 44. Rc6+ Ka5 45. b4+ {[%emt 0:00:00] Weighted Error Value: White=0.41/Black=0.77} 1-0

[Event "15th Arad Open 2022"]
[Site "Arad"]
[Date "2022.08.09"]
[Round "3.16"]
[White "Iuga, Ioan-Alexandru"]
[Black "Padurean, Daniel-Cristian"]
[Result "0-1"]
[ECO "C56"]
[WhiteElo "1848"]
[BlackElo "2126"]
[Annotator "RC"]
[PlyCount "86"]
[EventDate "2022.08.08"]
[EventType "swiss"]
[EventCountry "ROU"]
[SourceTitle "playchess.com"]
[Source "ChessBase"]
[SourceQuality "1"]
[TimeControl "5400+30"]

1. e4 e5 2. Nf3 Nc6 3. Bc4 Nf6 4. d4 exd4 5. e5 d5 6. Bb5 Ne4 7. Nxd4 Bc5 8. Be3 Bd7 9. Bxc6 bxc6 10. Nd2 Nxd2 11. Qxd2 O-O 12. O-O Bb6 13. Bg5 Qc8 14. a4 c5 15. Nf3 c6 16. Bf6 Bf5 17. a5 Bd8 18. Qg5 Bg6 19. Bxd8 Rxd8 20. Nh4 Rb8 21. Nxg6 hxg6 22. b3 Qf5 23. Qxf5 gxf5 24. Rfd1 Re8 25. Re1 Rb4 26. f3 c4 27. bxc4 Rxc4 28. Ra2 Rb8 29. Kf2 Kf8 30. e6 f6 31. Ke2 Ke7 32. Kd2 a6 33. Ra3 Rb5 34. g3 Rcc5 35. Rea1 Rb2 36. Rc1 Kxe6 37. Re3+ Kf7 38. Rc3 Rxc3 39. Kxc3 Rb5 40. Ra1 Ke6 41. Kd3 Kd6 42. Ra2 c5 43. c4 Rb3+ 0-1

[Event "15th Arad Open 2022"]
[Site "Arad"]
[Date "2022.08.09"]
[Round "3.17"]
[White "Veneteanu, Mihai"]
[Black "Dinca, Ovidiu"]
[Result "1/2-1/2"]
[ECO "D15"]
[WhiteElo "2025"]
[BlackElo "1831"]
[Annotator "RC"]
[PlyCount "74"]
[EventDate "2022.08.08"]
[EventType "swiss"]
[EventCountry "ROU"]
[SourceTitle "playchess.com"]
[Source "ChessBase"]
[SourceQuality "1"]
[TimeControl "5400+30"]

1. c4 c6 2. Nf3 d5 3. d4 Nf6 4. Nc3 a6 5. cxd5 cxd5 6. Bg5 Ne4 7. Bf4 Nc6 8. Qb3 Nxc3 9. bxc3 e6 10. e3 Bd6 11. Bd3 O-O 12. O-O Qc7 13. Bxd6 Qxd6 14. e4 dxe4 15. Bxe4 Bd7 16. a4 Rab8 17. a5 Rfc8 18. Rfb1 Qc7 19. Qa2 h6 20. c4 Ne7 21. Rc1 Bc6 22. Qe2 Bxe4 23. Qxe4 Ng6 24. g3 Rd8 25. Kg2 Ne7 26. Rab1 Nf5 27. d5 Nd6 28. Qe1 exd5 29. cxd5 Qd7 30. Rd1 Rbc8 31. Rb6 Rc5 32. Qb4 Rb5 33. Rxb5 Qxb5 34. Qc3 Qc4 35. Qe5 Qe4 36. Qc3 Qc4 37. Qe5 Qe4 1/2-1/2

[Event "15th Arad Open 2022"]
[Site "Arad"]
[Date "2022.08.09"]
[Round "3.18"]
[White "Deac, David"]
[Black "Zubac, Marius"]
[Result "1/2-1/2"]
[ECO "B06"]
[WhiteElo "1829"]
[BlackElo "2025"]
[Annotator "NA RC"]
[PlyCount "106"]
[EventDate "2022.08.08"]
[EventType "swiss"]
[EventCountry "ROU"]
[SourceTitle "playchess.com"]
[Source "ChessBase"]
[SourceQuality "1"]
[TimeControl "5400+30"]

1. e4 g6 2. d4 Bg7 3. Nc3 d6 4. Be3 a6 5. Qd2 b5 6. O-O-O Bb7 7. f3 Nd7 8. a3 Rc8 9. Kb1 c5 10. h4 h6 11. Nge2 b4 12. axb4 cxb4 13. Na2 a5 14. h5 g5 15. Ng3 e6 16. Bb5 Ne7 17. f4 gxf4 18. Bxf4 Qc7 19. c3 b3 20. Nc1 Kf8 21. Bxd7 Qxd7 22. Nxb3 Qb5 23. Nc1 Rc6 24. Nd3 Kg8 25. e5 Nd5 26. Ne2 Nxf4 27. Qxf4 dxe5 28. Nxe5 Bxe5 29. dxe5 Rc7 30. Rd8+ Kh7 31. Rxh8+ Kxh8 32. Qxh6+ Kg8 33. Qe3 Kh7 34. Nd4 Qd5 35. Nf3 Qe4+ 36. Qxe4+ Bxe4+ 37. Kc1 Kh6 38. Rh4 Bxf3 39. gxf3 Kg5 40. Rg4+ Kxh5 41. Kd2 Rc5 42. Rf4 Rxe5 43. Rxf7 Rb5 44. Kc2 Kg6 45. Rf8 Kg7 46. Rf4 e5 47. Ra4 Kf6 48. b4 axb4 49. Rxb4 Rc5 50. f4 Kf5 51. fxe5 Kxe5 52. Rh4 Kd6 53. c4 Rg5 1/2-1/2

[Event "15th Arad Open 2022"]
[Site "Arad"]
[Date "2022.08.09"]
[Round "3.19"]
[White "Ambru, Dan-Calin"]
[Black "Iacoban, Anatolie"]
[Result "1-0"]
[ECO "E48"]
[WhiteElo "2001"]
[BlackElo "1821"]
[Annotator "TA"]
[PlyCount "79"]
[EventDate "2022.08.08"]
[EventType "swiss"]
[EventCountry "ROU"]
[SourceTitle "playchess.com"]
[Source "ChessBase"]
[SourceQuality "1"]
[TimeControl "5400+30"]

1. d4 Nf6 2. c4 e6 3. Nc3 Bb4 4. e3 O-O 5. Bd3 d5 6. Nge2 c5 7. a3 dxc4 8. Bxc4 Ba5 {[%emt 0:00:40] E48: Nimzo-Indian: Rubinstein: 5 Bd3 d5 including 6 Ne2, but excluding 6 a3.} (8... Bxc3+ $11 9. bxc3 (9. Nxc3 cxd4 10. exd4 Nc6 $11) 9... Qc7) 9. dxc5 $14 Qxd1+ 10. Kxd1 {[%emt 0:00:04] [#]} Nbd7 $146 (10... Bd8 $14) ({Predecessor:} 10... Ng4 11. Ke1 Ne5 12. Ba2 Nd3+ 13. Kf1 Rd8 14. b4 Bc7 15. f4 b6 16. Nb5 Na6 {0-1 (71) Stalmach,R (2296)-Najer,E (2648) Tornelo INT 2021}) 11. b4 $16 Bc7 12. Nd4 Ne5 13. Be2 Neg4 14. Bxg4 Nxg4 15. Ke2 e5 16. Ndb5 Bb8 17. f3 Nf6 18. Rd1 Be6 19. e4 {[%emt 0:05:18] White is more active.} a6 20. Nd6 Bxd6 21. Rxd6 Rfd8 22. Rxd8+ Rxd8 23. Bg5 Bc4+ 24. Kf2 {[%emt 0:00:06] Black must now prevent Bxf6.} Rd3 25. Rd1 Rxd1 26. Nxd1 {[%emt 0:00:08][%mdl 4096] [#] Endgame aiming for Bxf6. KBN-KBN} Nd7 27. Ne3 Bb5 28. Nd5 f6 29. Be3 Kf7 30. Nc3 Bc4 31. a4 Ke6 32. Ke1 Nb8 ({Black should play} 32... g6) 33. b5 Kd7 {[%emt 0:02:56] Prevents c6+.} 34. Kd2 (34. f4 $142) 34... Ke6 {[%emt 0:06:55] [#] This costs Black the game.} (34... h5 $16 35. f4 Kc8) 35. c6 $1 $18 bxc6 36. Ba7 Nd7 $2 (36... cxb5 {is a better defense.} 37. Bxb8 b4) 37. bxc6 Nf8 (37... Kd6 $142 38. cxd7 Kxd7) 38. Nd5 {[%emt 0:00:22] And now Kc3 would win. White is clearly winning.} Bb3 39. Bc5 Ng6 40. Nb6 {[%emt 0:00:00] Weighted Error Value: White=0.10 (very precise) /Black=0.34} 1-0

[Event "15th Arad Open 2022"]
[Site "Arad"]
[Date "2022.08.09"]
[Round "3.20"]
[White "Cretu, Sorin-Alexandru"]
[Black "Anghel, Iulian-Mihai"]
[Result "0-1"]
[ECO "C50"]
[WhiteElo "1798"]
[BlackElo "2015"]
[Annotator "NA RC"]
[PlyCount "42"]
[EventDate "2022.08.08"]
[EventType "swiss"]
[EventCountry "ROU"]
[SourceTitle "playchess.com"]
[Source "ChessBase"]
[SourceQuality "1"]
[TimeControl "5400+30"]

1. e4 e5 2. Nf3 Nc6 3. Bc4 Bc5 4. O-O Nf6 5. d3 a6 6. a4 Ba7 7. Re1 d6 8. c3 h6 9. b4 O-O 10. Be3 Bxe3 11. fxe3 d5 12. exd5 Nxd5 13. e4 Nf4 14. d4 exd4 15. cxd4 Bg4 16. d5 Ne5 17. Be2 Qf6 18. Ra3 Qb6+ 19. Kh1 Qf2 20. Bf1 Nh3 21. Be2 Qg1+ 0-1

[Event "15th Arad Open 2022"]
[Site "Arad"]
[Date "2022.08.10"]
[Round "4.1"]
[White "Manolache, Marius"]
[Black "Stanciu, Alexandru-Ovidiu"]
[Result "0-1"]
[ECO "D35"]
[WhiteElo "2469"]
[BlackElo "2326"]
[Annotator "TA"]
[PlyCount "126"]
[EventDate "2022.08.08"]
[EventType "swiss"]
[EventCountry "ROU"]
[SourceTitle "playchess.com"]
[Source "ChessBase"]
[SourceQuality "1"]
[TimeControl "5400+30"]

1. d4 d5 2. c4 e6 3. Nf3 Nf6 4. Nc3 Be7 5. cxd5 exd5 6. Bf4 c6 7. h3 {[%emt 0:03:42] D35: Queen's Gambit Declined: Exchange Variation.} Bf5 8. g4 Be6 {[%emt 0:06:37] [#]} 9. Qb3 $146 {[%emt 0:07:04] White is slightly better.} ({Predecessor:} 9. e3 Nbd7 10. Qc2 Nf8 11. O-O-O Ng6 12. Bh2 Ne4 13. Bd3 Nxc3 14. Qxc3 Bd6 15. Ng5 {1-0 (36) Shamkovich,L-Ageichenko,G Moscow 1971}) 9... Qb6 10. e3 Nbd7 11. Nd2 h5 12. g5 Nh7 13. Rg1 Nhf8 14. h4 Bf5 {[%emt 0:04:59] Against Qc2} 15. Bg3 Ne6 16. Be2 a5 17. Qxb6 Nxb6 18. Rc1 Nd7 19. a3 Bg6 20. Bh2 O-O 21. Bf3 Kh7 22. Ne2 f6 (22... Nb6 $15) 23. Nf4 $11 Nxf4 24. Bxf4 Rae8 25. Ke2 ({Much weaker is} 25. gxf6 Bxf6 26. Bd6 Bxd4 27. Bxf8 Nxf8 $17) 25... fxg5 26. Bxg5 Bd6 27. Rg2 Bf7 28. Rcg1 g6 29. Kd1 (29. e4 $15 {was preferrable.}) 29... Be6 $17 30. Rh1 {[%emt 0:06:54] Against Bh3} Rf7 31. Be2 {[%emt 0:00:19] [#]} Bf5 $1 {[%emt 0:00:31] Inhibits Bd3.} 32. Re1 (32. f3 $17) 32... b5 ({Worse is} 32... Bh3 33. Rgg1 $17) (32... Nf8 $19 33. Rh1 Ne6) 33. f3 b4 {[%emt 0:00:18] Black is much more active.} 34. e4 Bh3 35. Rgg1 bxa3 36. bxa3 Bxa3 37. Rg3 {[%emt 0:01:36] Black converts the advantage convincingly.} ({White should play} 37. f4 $1 $15 Be6 38. f5 gxf5 39. e5) 37... Be6 $36 {[%emt 0:00:13][%mdl 2048] Black is really pushing.} 38. Bd3 {[%emt 0:00:22] [#]} Nf8 $1 39. exd5 (39. Bc2 $17) 39... cxd5 $19 40. f4 (40. Bc2 {was called for.}) 40... Bg4+ 41. Be2 Bb2 {[%emt 0:00:00] ...Rc7 is the strong threat. Dancing on a razor blade.} 42. Bxg4 Rxe1+ 43. Kxe1 {[%emt 0:00:00] Hoping for Bf3.} hxg4 44. Rxg4 a4 {[%emt 0:00:00][%cal Ba5a4,Ba4a3,Ba3a2][%mdl 32] White must now prevent ...a3.} 45. Kd1 Rc7 46. h5 (46. Nb1 $142 Ne6 47. Bf6) 46... gxh5 47. Rh4 Kg6 48. Bd8 Rc1+ 49. Ke2 a3 {[%emt 0:01:03] Threatens to win with ...a2.} 50. f5+ Kf7 {[%emt 0:00:30] ( -> ...a2)} 51. Rh3 a2 52. Nb3 Rc8 53. Bg5 Rb8 {[%emt 0:00:08] Black mates.} 54. Na1 Bxa1 55. Ra3 Bxd4 56. Rxa2 Rb2+ 57. Rxb2 Bxb2 58. Kf3 Bf6 59. Bc1 Be5 60. Bg5 Nh7 61. Bh4 Nf6 62. Ke3 Ng4+ 63. Kf3 Nh6 {[%emt 0:00:05] Weighted Error Value: White=0.49/Black=0.06 (flawless)} 0-1

[Event "15th Arad Open 2022"]
[Site "Arad"]
[Date "2022.08.10"]
[Round "4.2"]
[White "Ramoutar, Alan-Safar"]
[Black "Magold, Filip"]
[Result "1-0"]
[ECO "B10"]
[WhiteElo "2453"]
[BlackElo "2247"]
[Annotator "TA"]
[PlyCount "57"]
[EventDate "2022.08.08"]
[EventType "swiss"]
[EventCountry "ROU"]
[SourceTitle "playchess.com"]
[Source "ChessBase"]
[SourceQuality "1"]
[TimeControl "5400+30"]

1. e4 c6 2. Nf3 d5 3. exd5 cxd5 4. Ne5 e6 5. d4 Nc6 6. Bb5 {[%emt 0:00:37] B10: Caro-Kann: 2 d3 and 2 c4.} Bd7 7. Nxd7 Qxd7 8. c3 {[%emt 0:00:17] The position is equal.} Nf6 9. O-O Bd6 10. Nd2 O-O 11. Re1 Qc7 (11... Rae8 {looks sharper.} 12. Nf3 Ne4 13. Ng5 Nf6) 12. g3 a6 13. Bd3 b5 14. Nf3 b4 15. Bg5 {[%emt 0:06:19] [#]} Nd7 $146 ({Predecessor:} 15... bxc3 16. Bxf6 gxf6 17. bxc3 Ne7 18. Qd2 Kg7 19. Rac1 Rfc8 20. c4 dxc4 21. Rxc4 Qb6 22. Rxc8 Rxc8 {0-1 (47) Abdurakhmanov,M (2284)-Gajewski,G (2618) Chess.com INT 2020}) 16. c4 dxc4 17. Bxc4 {[%emt 0:00:15] This bishop pair is nice.} Na5 (17... h6 $142) 18. Bd3 $16 Nb6 19. Qe2 Qb7 20. Rac1 Rfc8 21. Rxc8+ $40 {[%emt 0:02:37][%mdl 128] White has strong attack.} Qxc8 22. Qe4 g6 23. Qh4 {[%emt 0:07:19] White is more active.} ({Better is} 23. h4 $16) 23... Nd5 24. Be4 Ra7 $2 {[%emt 0:06:22][%mdl 8192] This costs Black the game.} (24... Nc6 $1 $14) 25. Bxd5 $18 exd5 26. Bd8 {[%emt 0:02:55][%cal Bg5d8,Bd8a5,Ba5b4][%mdl 32] [#] Re8+ would kill now.} Qf5 27. Bxa5 Qxf3 (27... f6 $142 28. Re8+ Kg7) 28. Qd8+ Bf8 29. Bxb4 {[%emt 0:00:23] Weighted Error Value: White=0.09 (flawless) /Black=0.75} 1-0

[Event "15th Arad Open 2022"]
[Site "Arad"]
[Date "2022.08.10"]
[Round "4.3"]
[White "Sedlak, Nikola"]
[Black "Pauwels, Xander"]
[Result "1-0"]
[ECO "B51"]
[WhiteElo "2480"]
[BlackElo "2040"]
[Annotator "TA"]
[PlyCount "71"]
[EventDate "2022.08.08"]
[EventType "swiss"]
[EventCountry "ROU"]
[SourceTitle "playchess.com"]
[Source "ChessBase"]
[SourceQuality "1"]
[TimeControl "5400+30"]

1. e4 c5 2. Nf3 d6 3. Bb5+ Nd7 4. O-O a6 5. Bd3 b5 6. c4 {[%emt 0:00:45] B51: Sicilian: Moscow Variation (3 Bb5+) without 3...Bd7.} b4 7. a3 Bb7 (7... bxa3 $14 {deserves consideration.} 8. Rxa3 Ngf6) 8. axb4 $16 {[%emt 0:00:15] White is better.} cxb4 9. Bc2 Ngf6 10. Re1 e5 11. d4 Be7 12. b3 O-O 13. Bb2 Qc7 14. Nbd2 Rfe8 15. Rc1 {[%emt 0:02:03][%cal Oc4c5] [#]} Rad8 $146 ({Predecessor:} 15... Rac8 16. c5 Qb8 17. Nc4 exd4 18. cxd6 Bxd6 19. Qxd4 Bc5 20. Qd2 Rcd8 21. Qg5 h6 {0-1 (58) De La Puerta Cresis,J (2167)-Forgas Moreno,Y (2310) La Roda 2021}) 16. c5 dxc5 17. d5 Bd6 18. Bd3 {[%emt 0:05:50][%mdl 1024] White has compensation.} Nb6 19. Nf1 Ra8 20. Ne3 g6 21. Nd2 Nfd7 22. Ra1 Bf8 23. Qe2 a5 24. Bb5 {[%emt 0:00:11] Prevents a4.} Ra7 25. Ndc4 {[%emt 0:05:56] Hoping for Nxb6.} Rea8 26. d6 (26. Nxb6 $14 Nxb6 27. f4) 26... Bxd6 $11 27. Rad1 Bf8 28. Qf3 Bc6 (28... Ba6 $11 29. Ng4 (29. Bxa6 Rxa6 30. Qh3 Qc8 $17) 29... Bg7) 29. Nxb6 $1 $16 {[%emt 0:14:12] White is much more active.} Nxb6 {[%emt 0:00:39] [#]} 30. Bxc6 (30. Qf6 $1 $14 Bxb5 31. Bxe5 Qxe5 32. Qxe5) 30... Qxc6 $19 31. Bxe5 {[%emt 0:00:04] [#]} Re8 $2 ({Worse is} 31... a4 32. Ng4 axb3 33. Nf6+ Kg7 34. Qh3 $11) (31... Nd7 $1 $19 32. Bb2 a4 33. bxa4 Re8) 32. Ng4 $40 {[%emt 0:00:29][%mdl 128] White is up to no good.} Rxe5 $1 33. Nxe5 Qe6 34. Ng4 Be7 {[%emt 0:01:39] Against Rd8+} (34... c4 $11) 35. e5 $14 Kg7 $2 {[%emt 0:00:42][%mdl 8192] [#] Against Nf6} ({Better is} 35... a4 $1 $14) 36. Qf6+ $3 {[%emt 0:02:58][%mdl 512] Weighted Error Value: White=0.14 (very precise) /Black=0.38} 1-0